 Dungeon Crawl Stone Soup version 0.31-a0-627-gd65175cf8b (webtiles) character file.

Game seed: 6165434472583170492

329409 GordonOverkill the Warrior (level 22, -33/93 HPs)
             Began as a Vine Stalker Delver on Aug 24, 2023.
             Was the Champion of Makhleb.
             Killed from afar by a hell hog (47 damage)
             ... with a fireball
             ... on level 3 of the Abyss on Aug 25, 2023.
             The game lasted 01:43:25 (43896 turns).

GordonOverkill the Warrior (Vine Stalker Delver)   Turns: 43896, Time: 01:43:25

Health: -33/93     AC: 25    Str: 20    XL:     22   Next: 7%
Magic:  0/36       EV: 11    Int: 13    God:    Makhleb [******]
Gold:   944        SH: 25    Dex: 18    Spells: 29/29 levels left

rFire   . . .        p - +8 demon trident "Rift" {distort, reach+}
rCold   + + .        y - +7 tower shield "Vana" {rC+}
rNeg    . . .        u - +1 storm dragon scales
rPois   +            E - +2 helmet
rElec   +            Z - +0 cloak
rCorr   +            X - +2 pair of gloves "Arepnenn" {Int+3}
SInv    .            w - +1 pair of boots {Fly}
Will    ++...        x - amulet of regeneration Stlth
                     v - +4 ring of protection
HPRegen 0.00/turn    m - ring of protection from fire
MPRegen 0.25/turn

%: guardian spirit
@: resistant, sick, flying, hasted, very quick
A: fangs 3, regeneration 1, magic shield, antimagic bite, no potion heal 2,
[deformed body], frail 1[+2], [weak 2], [heat vulnerability 2]
}: 1/15 runes: gossamer
a: Renounce Religion, Minor Destruction, Lesser Servant of Makhleb, Major
Destruction, Greater Servant of Makhleb


You were on level 3 of the Abyss.
You worshipped Makhleb.
Makhleb was exalted by your worship.
You visited 8 branches of the dungeon, and saw 36 of its levels.
You visited the Abyss 3 times.
You visited 1 bazaar.

You collected 4220 gold pieces.
You spent 3276 gold pieces at shops.

Inventory:

Hand Weapons
 p - the +8 demon trident "Rift" (weapon) {distort, reach+}
   (You bought it in a shop on level 15 of the Dungeon)
 W - a +4 demon trident
Missiles
 f - 4 throwing nets
 r - 7 javelins
 G - 12 curare-tipped darts (quivered)
Armour
 u - +1 storm dragon scales (worn)
 w - a +1 pair of boots of flying (worn)
 y - the +7 tower shield "Vana" (worn) {rC+}
   (You took it off Louise on level 3 of the Swamp)

   rC+:       It protects you from cold.
 E - a +2 helmet (worn)
 O - a +2 plate armour of fire resistance
 X - the +2 pair of gloves "Arepnenn" (worn) {Int+3}
   (You bought it in a shop in a bazaar)

   Int+3:     It affects your intelligence (+3).
 Z - a +0 cloak (worn)
Jewellery
 i - a ring of poison resistance
 m - a ring of protection from fire (right hand)
 v - a +4 ring of protection (left hand)
 x - an amulet of regeneration (around neck)
 D - an amulet of reflection
 L - a ring of protection from fire
 N - a ring of protection from cold
Wands
 g - a wand of digging (6)
 q - a wand of iceblast (12)
 I - a wand of flame (99)
 Q - a wand of paralysis (5)
 T - a wand of mindburst (22)
 V - a wand of light (15)
Scrolls
 c - 6 scrolls of fog
 d - 5 scrolls of revelation
 h - 12 scrolls of teleportation
 k - 2 scrolls of fear
 l - 3 scrolls of immolation
 n - 5 scrolls of amnesia
 s - 7 scrolls of silence
 z - 2 scrolls of enchant weapon
 F - a scroll of butterflies
 M - 9 scrolls of vulnerability
 P - 13 scrolls of identify
 R - 4 scrolls of poison
Potions
 a - 3 potions of mutation
 b - a potion of resistance
 j - 4 potions of ambrosia
 o - 2 potions of magic
 t - 3 potions of enlightenment
 A - 14 potions of curing
 B - 4 potions of cancellation
 C - 5 potions of haste
 J - 4 potions of lignification
 K - 5 potions of attraction
 S - 6 potions of might


   Skills:
 - Level 20.0 Fighting
 - Level 1.7 Short Blades
 - Level 14.0 Polearms
 - Level 1.0 Throwing
 + Level 10.4 Armour
 + Level 10.4 Dodging
 - Level 6.0 Stealth
 + Level 12.3 Shields
 - Level 1.2 Unarmed Combat
 - Level 4.0 Spellcasting
 - Level 18.0 Invocations
 - Level 5.0 Evocations


You had 29 spell levels left.
You didn't know any spells.
Your spell library contained the following spells:

 Spells                   Type           Power      Damage    Failure   Level
 Apportation              Tloc           4%         N/A       99%         1
 Foxfire                  Conj/Fire      8%         2x1d4     99%         1
 Kiss of Death            Conj/Necr      8%         2d6       99%         1
 Magic Dart               Conj           8%         1d3       99%         1
 Necrotise                Necr           8%         1d4       99%         1
 Sandblast                Erth           4%         2d4       99%         1
 Sting                    Tmut/Pois      8%         1d3       99%         1
 Summon Small Mammal      Summ           8%         N/A       99%         1
 Cigotuvi's Dreadful Rot  Necr/Pois/Air  4%         N/A       100%        2
 Lesser Beckoning         Tloc           4%         N/A       100%        2
 Passwall                 Tmut/Erth      1%         N/A       100%        2
 Poisonous Vapours        Pois/Air       4%         N/A       100%        2
 Scorch                   Fire           4%         2d5       100%        2
 Searing Ray              Conj           4%         2d4       100%        2
 Sublimation of Blood     Necr           2%         N/A       100%        2
 Confusing Touch          Hex            2%         N/A       100%        3
 Gell's Gravitas          Tloc           2%         N/A       100%        3
 Ignite Poison            Fire/Tmut/Pois 2%         N/A       100%        3
 Mephitic Cloud           Conj/Pois/Air  2%         N/A       100%        3
 Ozocubu's Armour         Ice            2%         N/A       100%        3
 Stone Arrow              Conj/Erth      4%         3d7       100%        3
 Summon Guardian Golem    Hex/Summ       2%         N/A       100%        3
 Teleport Other           Tloc           2%         N/A       100%        3
 Volatile Blastmotes      Fire/Tloc      4%         2d10      100%        3
 Anguish                  Hex/Necr       1%         N/A       100%        4
 Cause Fear               Hex            1%         N/A       100%        4
 Flame Wave               Conj/Fire      2%         2d4       100%        4
 Fulminant Prism          Conj/Hex       1%         3d5       100%        4
 Iskenderun's Mystic Bla  Conj/Tloc      2%         2d3       100%        4
 Olgreb's Toxic Radiance  Pois           2%         N/A       100%        4
 Sticky Flame             Conj/Fire      2%         2d3       100%        4
 Summon Ice Beast         Ice/Summ       2%         N/A       100%        4
 Alistair's Intoxication  Tmut/Pois      1%         N/A       100%        5
 Fireball                 Conj/Fire      1%         3d3       100%        5
 Freezing Cloud           Conj/Ice/Air   1%         6-21      100%        5
 Metabolic Englaciation   Hex/Ice        1%         N/A       100%        5
 Summon Forest            Summ/Tloc      1%         N/A       100%        5
 Summon Mana Viper        Hex/Summ       2%         N/A       100%        5
 Eringya's Noxious Bog    Tmut/Pois      1%         4d6       100%        6
 Plasma Beam              Fire/Air       1%         2x1d11    100%        6
 Simulacrum               Ice/Necr       1%         N/A       100%        6
 Starburst                Conj/Fire      1%         6d3       100%        6
 Summon Cactus Giant      Summ           1%         N/A       100%        6
 Enfeeble                 Hex            1%         N/A       100%        7
 Monstrous Menagerie      Summ           1%         N/A       100%        7
 Orb of Destruction       Conj           1%         9d5       100%        7
 Ozocubu's Refrigeration  Ice            1%         4d7       100%        7
 Spellforged Servitor     Conj/Summ      1%         N/A       100%        7
 Summon Hydra             Summ           1%         N/A       100%        7
 Ignition                 Fire           1%         3d3       100%        8
 Polar Vortex             Ice            1%         N/A       100%        9


Dungeon Overview and Level Annotations

Branches:
Dungeon (15/15)            Temple (1/1) D:7            Lair (5/5) D:10
  Swamp (4/4) Lair:3       Spider (4/4) Lair:2        Slime (0/5) Lair:4
    Orc (2/2) D:11            Elf (3/3) Orc:2        Vaults (2/5) D:13
 Depths (0/4) D:15
  Crypt: Vaults:2-3

Altars:
Ashenzari
Cheibriados
Dithmenos
Elyvilon
Fedhas
Gozag
Hepliaklqana
Kikubaaqudgha
Makhleb
Nemelex Xobeh
Okawaru
Qazlal
Ru
Sif Muna
Trog
Uskayaw
Vehumet
Wu Jian
Xom
Yredelemnul
Zin
The Shining One
Jiyva
Lugonu

Shops:
D:4 *   D:15 *   Orc:1 :   Orc:2 (*:(=   Elf:1 (([*   Elf:2 [==*:[

Portals:
Abyss: Lair:5
Trove: D:10 (give +6 demon whip)

Annotations:
D:6 exclusion: upstairs
D:7 exclusion: upstairs
D:8 exclusion: upstairs
Swamp:4 Nikola
Orc:2 2 transporters, gyole's ghost, journeyman TrSh
Elf:2 Roxanne


Innate Abilities, Weirdness & Mutations

You have razor-sharp teeth.
Your natural rate of healing is unusually fast.
When hurt, damage is shared between your health and your magic reserves.
Your bite disrupts and absorbs the magic of your enemies.
Potions cannot restore your health.
[Armour fits poorly on your strangely shaped body.]
[You are extremely frail. (-30% HP)]
[You are very weak. (Str -4)]
[You are very vulnerable to heat. (rF--)]


Message History

Space warps horribly around the hell hog.
You bite the hell hog!! You drain its power.
You feel invigorated.
The hell hog is heavily wounded.
The hell hog breathes fire at you.
The fireball explodes!
The fireball engulfs you but does no damage.
The fireball engulfs the hell hog.
The hell hog completely resists.
The hell hog breathes fire at you.
The fireball explodes!
The fireball engulfs the hell hog.
The hell hog completely resists.
The fireball engulfs you!! The fire burns you terribly!
* * * LOW HITPOINT WARNING * * *
You hear an angry squeal.
You hear a bark! x3
You barely miss the hell hog. Your bite misses the hell hog.
The hell hog is heavily wounded.
A raiju comes into view.
You block the hell hog's attack. The hell hog breathes fire at you.
The fireball explodes!
The fireball engulfs something!
The fireball engulfs you!! The fire burns you terribly!
* * * LOW HITPOINT WARNING * * *
The fireball engulfs the hell hog.
The hell hog completely resists.
Something hits you.
You feel your power leaking away.
You hear a horrible gurgling sound!
Okay, then.
You have no ailments to cure.
You feel yourself speed up. Something hits you but does no damage.
You feel protected. The hell hog breathes fire at you.
The fireball explodes!
The fireball engulfs you!
* * * LOW HITPOINT WARNING * * *
The fireball engulfs the hell hog.
The hell hog completely resists.
The fireball engulfs something.
The hell hog breathes fire at you.
The fireball explodes!
The fireball engulfs something!
Reactivating autopickup.
You feel a bit more experienced. The fireball engulfs you!!!
Ouch! That really hurt!
You die...

.#. ##..# ...#
...# . ##... h.
#####h.# h..
##..#.h.# ..# #
#..@#.# ... .
#.##h..## ....
#.
#..#.#........
#.....##...###..
..h..#...##...#
....#..##. #
#...# # ..## #.#
#.## #..## ..#.
# .. ## ##. #. #


You could see 3 hell hogs.

Vanquished Creatures
  2 bone dragons (Abyss:3)
  Arachne (Spider:4)
  Norris (Elf:3)
  A lich (Abyss:3)
  A titan (Elf:3)
  A deep elf blademaster (Elf:3)
  2 deep elf master archers (Elf:3)
  3 tentacled starspawn (Abyss:3)
  Gastronok (D:9)
  Kirke (Lair:4)
  The ghost of grizmgrazm2 the Scorcher, an adept DECj of Vehumet (Elf:3)
  Aizul (Orc:2)
  Donald (Swamp:1)
  A vault warden (Vaults:1)
  7 deep elf sorcerers
  4 emperor scorpions
  A curse skull (Elf:1)
  Louise (Swamp:3)
  4 ghost moths (Spider:4)
  4 deep elf elementalists (Elf:3)
  2 ghouls (Elf:1)
  An orc warlord (Elf:3)
  The ghost of Yduelo the Skirmisher, a journeyman GnHu of Hepliaklqana (Spider:2)
  A formless jellyfish (Vaults:1)
  4 ironbound thunderhulks (Vaults:1)
  2 very ugly things (Abyss:3)
  A juggernaut skeleton (Abyss:3)
  7 broodmothers
  4 deep elf demonologists (Elf:3)
  6 deep elf annihilators
  A vampire knight (Elf:1)
  4 bunyips
  A minotaur (Elf:3)
  7 dire elephants (Vaults:1)
  Nessos (D:12)
  An eleionoma (Swamp:1)
  A spark wasp (Spider:2)
  A green death (Abyss:3)
  5 deep elf death magi
  An ettin (D:15)
  A yaktaur captain (Vaults:1)
  A spectral elf (Elf:1)
  A merfolk javelineer (Elf:3)
  2 jiangshi (Elf:1)
  A shambling mangrove (Swamp:2)
  A merfolk impaler (Elf:3)
  2 eidola (Elf:1)
  Josephine (D:13)
  3 great orbs of eyes
  2 deep elf high priests
  A spriggan zombie (Abyss:3)
  6 entropy weavers
  Fannar (Lair:1)
  9 hydras
  2 ghost crabs
  5 ogre magi
  Erica (D:9)
  A jorogumo (Spider:4)
  6 centaur warriors
  7 radroaches
  An anaconda (Swamp:3)
  2 catoblepae
  2 ironbound frosthearts (Vaults:1)
  6 tengu warriors
  18 two-headed ogres
  7 alligators
  32 dancing weapons
  6 boulder beetles
  A death scarab (Spider:3)
  5 death yaks (Lair:4)
  A death knight (D:14)
  5 demonic crawlers
  Urug (Lair:5)
  A spriggan berserker (Swamp:3)
  13 thrashing horrors
  15 deep elf knights
  Nergalle (Orc:1)
  Sonja (Lair:1)
  A wretched star (Abyss:3)
  5 pharaoh ants
  2 skysharks (Elf:3)
  2 shadow wraiths (Elf:1)
  A sixfirhy (D:9)
  Lodul (D:12)
  5 goliath frogs
  4 sun moths
  A skeletal warrior (D:14)
  3 elf simulacra (Elf:1)
  13 deep elf archers
  13 orb spiders
  4 swamp dragons
  An orange crystal statue (Elf:1)
  2 ironbound convokers (Vaults:1)
  A spriggan druid (Swamp:3)
  5 steelbarb worms
  17 starcursed masses (Abyss:3)
  5 bog bodies
  A lindwurm (Vaults:1)
  12 wizards
  2 orc knights (D:13)
  3 will-o-the-wisps
  21 wolf spiders
  24 deep elf pyromancers
  21 deep elf zephyrmancers
  2 orc sorcerers (Orc:2)
  17 ugly things
  7 cyclopes
  2 moths of wrath (shapeshifter)
  6 moths of wrath
  15 elephants
  A spectral boulder beetle (Lair:3)
  10 manticores
  A guardian serpent (shapeshifter) (D:14)
  A black mamba (Lair:2)
  Jeremiah (D:7)
  8 torpor snails
  A vault sentinel (Vaults:1)
  5 smoke demons
  3 large abominations (Abyss:3)
  11 cane toads
  An ice statue (D:13)
  Psyche (D:11)
  2 cane toads (shapeshifter)
  8 rime drakes
  2 unseen horrors
  11 komodo dragons
  3 ancient zymes (Abyss:3)
  A kobold demonologist (D:11)
  4 yaktaurs
  A tengu conjurer (D:15)
  2 freezing wraiths
  5 trolls
  A merfolk (shapeshifter) (Elf:1)
  2 hellwings (Abyss:3)
  3 polar bears
  6 tyrant leeches
  31 tarantellas
  15 hornets
  A bloated husk (Swamp:1)
  5 meliai
  A harpy skeleton (Abyss:3)
  20 blink frogs
  3 dream sheep (Lair:2)
  3 raiju
  A spectral elephant (Lair:3)
  6 flying skulls
  An air elemental (Elf:1)
  30 jumping spiders
  5 shadows
  18 slime creatures
  A spectral black mamba (Lair:3)
  18 culicivoras
  4 vampires
  12 spriggans
  A water elemental (Elf:2)
  7 wraiths
  9 basilisks
  A fire bat (shapeshifter) (Lair:5)
  64 yaks
  4 hogs (Lair:4)
  4 wyverns
  16 humans (D:12)
  A golden eye (Abyss:3)
  3 neqoxecs
  9 vampire mosquitoes
  6 chaos spawn
  60 redbacks
  A spectral cane toad (Lair:3)
  13 swamp worms
  20 water moccasins
  2 acid dragons
  A hell hound (Abyss:3)
  3 sky beasts
  4 black bears
  21 orc warriors
  16 wolves
  30 ogres
  A boggart (D:12)
  7 centaurs
  A phantom (D:6)
  A bullfrog (shapeshifter) (Lair:5)
  14 small abominations
  6 kobold brigands
  10 bullfrogs
  3 scorpions
  An earth elemental (Elf:3)
  A gnoll sergeant (D:12)
  5 wights (D:7)
  17 killer bees
  2 howler monkeys
  5 electric eels
  A quasit (Abyss:3)
  20 orc priests
  5 hounds
  5 jellies
  A gnoll bouda (D:9)
  3 sleepcaps
  2 iguanas
  28 orc wizards
  Terence (D:2)
  10 gnolls
  8 adders
  5 white imps
  An ufetubus (Abyss:3)
  3 worms
  69 orcs
  2 endoplasms
  A giant cockroach (D:3)
  9 goblins
  4 hobgoblins
  4 jackals (D:4)
  2 quokkas (D:2)
  6 ball pythons
  2 bats (D:1)
  5 frilled lizards
  30 kobolds
  4 rats
  A lurking horror (Abyss:3)
  5 starspawn tentacles (Abyss:3)
1359 creatures vanquished.

Vanquished Creatures (collateral kills)
  A demonic crawler (Spider:4)
  2 blink frogs (Lair:5)
  A swamp worm (Swamp:1)
4 creatures vanquished.

Vanquished Creatures (others)
  A lorocyproca (Abyss:3)
  A dancing weapon (Elf:3)
  A deep elf knight (Elf:1)
  A goliath frog (Swamp:4)
  A deep elf archer (Elf:3)
  A bloated husk (Swamp:4)
  A hornet (Swamp:2)
  A spriggan (Swamp:3)
  A boggart (Vaults:1)
  14 foxfires (Swamp:2)
  2 lost souls (Elf:1)
  4 starspawn tentacles (Abyss:3)
29 creatures vanquished.

Grand Total: 1392 creatures vanquished

Notes
Turn   | Place    | Note
-------+----------+-------------------------------------------
     0 | D:5      | GordonOverkill the Vine Stalker Delver began the quest for
                  | the Orb.
     0 | D:5      | Reached XP level 1. HP: 11/11 MP: 2/2
    14 | D:5      | Noticed a sleepcap
    44 | D:6      | Noticed a jelly
   220 | D:6      | Noticed an ogre
   367 | D:7      | Noticed a bullfrog
   367 | D:7      | Noticed a kobold brigand
   447 | D:8      | Noticed an orc priest
   447 | D:8      | Noticed a sky beast
   525 | D:8      | Noticed a bullfrog
   623 | D:7      | Noticed an orc wizard
   623 | D:7      | Noticed a sleepcap
   684 | D:6      | Noticed a sky beast
   688 | D:6      | Reached skill level 3 in Fighting
   688 | D:6      | Reached XP level 2. HP: 13/16 MP: 3/3
   740 | D:7      | Found a staircase to the Ecumenical Temple.
   746 | Temple   | Entered the Ecumenical Temple
   767 | Temple   | Became a worshipper of Makhleb the Destroyer
   839 | D:7      | Noticed a centaur
   911 | D:4      | Reached XP level 3. HP: 18/21 MP: 1/4
  1066 | D:3      | Noticed a scorpion
  1097 | D:4      | Noticed a scorpion
  1178 | D:5      | Reached skill level 1 in Unarmed Combat
  1178 | D:5      | Reached skill level 1 in Invocations
  1178 | D:5      | Gained mutation: Your natural rate of healing is unusually
                  | fast. [Vine Stalker growth]
  1178 | D:5      | Reached XP level 4. HP: 10/25 MP: 5/5
  1238 | D:5      | Found a hide-covered altar of Uskayaw.
  1253 | D:5      | Identified the +9 spear of Dishonour {freeze, rPois Dex+3}
  1262 | D:5      | Reached skill level 4 in Fighting
  1409 | D:5      | Reached skill level 1 in Polearms
  1409 | D:5      | Reached XP level 5. HP: 21/29 MP: 3/7
  1474 | D:5      | Reached XP level 6. HP: 30/33 MP: 6/9
  1513 | D:5      | Noticed a water moccasin
  1524 | D:5      | Killed a water moccasin
  1524 | D:5      | Reached * piety under Makhleb
  1552 | D:5      | Found a snail-covered altar of Cheibriados.
  1624 | D:5      | Found a basalt altar of Yredelemnul.
  1710 | D:5      | Found a bloodstained altar of Trog.
  1714 | D:5      | Reached XP level 7. HP: 37/37 MP: 11/11
  1859 | D:2      | Noticed Terence
  1866 | D:2      | Killed Terence
  2100 | D:1      | Reached ** piety under Makhleb
  2685 | D:2      | Found a faded altar of an unknown god.
  3122 | D:3      | Found a white marble altar of Elyvilon.
  3128 | D:3      | Found a sacrificial altar of Ru.
  3135 | D:3      | Found a shimmering altar of Xom.
  3262 | D:4      | Reached skill level 5 in Invocations
  3275 | D:4      | Reached skill level 1 in Throwing
  3570 | D:4      | Reached skill level 5 in Polearms
  3570 | D:4      | Gained mutation: You have razor-sharp teeth. [Vine Stalker
                  | growth]
  3570 | D:4      | Reached XP level 8. HP: 42/42 MP: 12/12
  3684 | D:4      | Found Qonk's Assorted Antiques.
  3687 | D:4      | Bought 2 fizzy golden potions for 48 gold pieces
  3687 | D:4      | Bought a scroll labelled KIUCIOXADD for 27 gold pieces
  3687 | D:4      | Bought a scroll labelled OPNIBB GICLIX for 27 gold pieces
  3687 | D:4      | Bought a scroll of identify for 54 gold pieces
  4528 | D:6      | Found a glowing silver altar of Zin.
  4811 | D:7      | Reached XP level 9. HP: 29/45 MP: 8/13
  4902 | D:7      | Noticed a rime drake
  4906 | D:7      | Noticed a rime drake
  4908 | D:7      | Killed a rime drake
  4916 | D:7      | Killed a rime drake
  4918 | D:7      | Noticed a rime drake
  4918 | D:7      | Noticed a rime drake
  4969 | D:7      | Found the +4 skin of Zhor {*Englaciate rC+++ SInv}
  4994 | D:7      | Killed a rime drake
  4995 | D:7      | Reached skill level 10 in Polearms
  5000 | D:7      | Killed a rime drake
  5241 | D:7      | Noticed Jeremiah
  5310 | D:7      | Killed Jeremiah
  5310 | D:7      | Reached *** piety under Makhleb
  5311 | D:7      | Reached XP level 10. HP: 32/49 MP: 4/14
  5702 | D:7      | Found an iron altar of Okawaru.
  6069 | D:8      | Paralysed by an orc warrior for 3 turns
  6211 | D:8      | Found a radiant altar of Vehumet.
  6421 | D:8      | Noticed a two-headed ogre
  6480 | D:8      | Killed a two-headed ogre
  6481 | D:8      | Reached skill level 5 in Fighting
  6762 | D:9      | Noticed Erica
  6774 | D:9      | Killed Erica
  6797 | D:9      | Noticed Gastronok
  6817 | D:9      | Killed Gastronok
  6818 | D:9      | Reached skill level 6 in Fighting
  6818 | D:9      | Reached XP level 11. HP: 58/58 MP: 15/15
  7101 | D:9      | Reached skill level 7 in Fighting
  7104 | D:9      | Reached **** piety under Makhleb
  7662 | D:9      | Noticed a sixfirhy
  7663 | D:9      | Found a runed translucent door.
  7677 | D:9      | Killed a sixfirhy
  7712 | D:10     | Entered Level 10 of the Dungeon
  7784 | D:10     | Found a portal to a secret trove of treasure.
  7829 | D:10     | Found an ornate altar of the Wu Jian Council.
  8061 | D:10     | Found a shimmering blue altar of Sif Muna.
  8187 | D:10     | Found a staircase to the Lair.
  8196 | D:10     | Found a broken altar of Ashenzari.
  8223 | D:10     | Reached skill level 8 in Fighting
  8268 | D:10     | Found a large runed translucent door.
  8269 | D:10     | Found a large runed translucent door.
  8377 | D:10     | Found a glowing golden altar of the Shining One.
  8380 | D:10     | Found an opulent altar of Gozag.
  8569 | D:11     | Noticed a manticore
  8576 | D:11     | Killed a manticore
  8671 | D:11     | Noticed a cyclops
  8679 | D:11     | Killed a cyclops
  8680 | D:11     | Reached skill level 9 in Fighting
  8740 | D:11     | Reached XP level 12. HP: 59/66 MP: 13/16
  8876 | D:11     | Reached skill level 10 in Fighting
  8899 | D:11     | Reached skill level 1 in Armour
  8964 | D:11     | Reached ***** piety under Makhleb
  9021 | D:11     | Noticed Psyche
  9031 | D:11     | Killed Psyche
  9170 | Abyss:3  | Cast into level 3 of the Abyss (a wizard)
  9174 | Abyss:3  | Found a corrupted altar of Lugonu.
  9178 | Abyss:3  | Found a corrupted altar of Lugonu.
  9186 | Abyss:3  | Found a stormy altar of Qazlal.
  9190 | Abyss:3  | Found a corrupted altar of Lugonu.
  9204 | Abyss:3  | Noticed a wretched star
  9225 | Abyss:3  | Noticed a demonic crawler
  9235 | Abyss:3  | Killed a demonic crawler
  9299 | Abyss:3  | Noticed a tentacled starspawn
  9321 | D:11     | Escaped the Abyss
  9455 | D:11     | Identified the +0 robe of the Constellations {rN++ Int+3}
  9455 | D:11     | Found the +3 warlock's mirror {omnireflect}
  9666 | D:11     | Reached skill level 1 in Shields
  9703 | D:11     | Found a staircase to the Orcish Mines.
 10004 | Lair:1   | Entered Level 1 of the Lair of Beasts
 10043 | Lair:1   | Reached skill level 5 in Armour
 10162 | Lair:1   | Reached XP level 13. HP: 68/72 MP: 15/19
 10463 | Lair:1   | Noticed Sonja
 10470 | Lair:1   | Killed Sonja
 10699 | Lair:1   | Reached skill level 1 in Spellcasting
 10842 | Lair:1   | Noticed Fannar
 10881 | Lair:1   | Killed Fannar
 11178 | Lair:2   | Found a hole to the Spider Nest.
 11456 | Lair:2   | Identified the +11 war axe of Node {heavy, rPois rCorr
                  | Str+2 Int+3}
 12269 | Lair:3   | Reached ****** piety under Makhleb
 12736 | Lair:3   | Found a staircase to the Swamp.
 12757 | Lair:3   | Reached XP level 14. HP: 57/77 MP: 21/21
 12889 | Lair:3   | Got Sif Muna's Codex of Numb Toxicants
 13000 | Lair:3   | Reached skill level 11 in Fighting
 13344 | Lair:4   | Reached skill level 5 in Dodging
 13818 | Lair:4   | Noticed Kirke
 13867 | Lair:4   | Noticed a sphinx
 13874 | Lair:4   | Killed Kirke
 13904 | Lair:4   | Found a viscous altar of Jiyva.
 13927 | Lair:4   | Found a staircase to the Slime Pits.
 14058 | Lair:5   | Entered Level 5 of the Lair of Beasts
 14058 | Lair:5   | Noticed Urug
 14071 | Lair:5   | Killed Urug
 14117 | Lair:5   | Reached skill level 12 in Fighting
 14164 | Lair:5   | Reached skill level 10 in Invocations
 14566 | Lair:5   | Reached XP level 15. HP: 82/84 MP: 24/24
 14607 | Lair:5   | Reached skill level 1 in Evocations
 14730 | Lair:5   | Found a corrupted altar of Lugonu.
 14730 | Lair:5   | Found a one-way gate to the infinite horrors of the Abyss.
 15188 | Lair:5   | Reached skill level 5 in Evocations
 15747 | D:12     | Found a glowing silver altar of Zin.
 16139 | D:13     | Noticed Nessos
 16139 | D:13     | Noticed Lodul
 16139 | D:13     | Found a gate to the Vaults.
 16181 | D:12     | Killed Lodul
 16545 | D:12     | Killed Nessos
 17010 | D:13     | Reached skill level 13 in Fighting
 17090 | D:13     | Found the +7 Spriggan's Knife {stab, EV+4 Stlth+}
 17100 | D:13     | Identified the +1 ring mail "Jeakyefoe" {Fly rN+ Dex+3}
 17117 | D:13     | Identified the +7 whip of Sunlight {venom, Stlth+}
 17118 | D:13     | Got Sif Muna's Anthology of Hurtful Guile
 17164 | D:13     | Noticed Josephine
 17172 | D:13     | Killed Josephine
 17429 | D:13     | Reached XP level 16. HP: 91/91 MP: 21/26
 17692 | D:13     | Found a gateway to a bazaar.
 17733 | Bazaar   | Entered a bazaar
 17754 | Bazaar   | Found Unno's Distillery.
 17754 | Bazaar   | Found Mafu's Armour Emporium.
 17789 | Bazaar   | Found Vixzufe's Weapon Shoppe.
 17789 | Bazaar   | Found Punuimm's Armour Emporium.
 17855 | Bazaar   | Bought a +1 pair of boots for 92 gold pieces
 17855 | Bazaar   | Bought the +2 pair of gloves "Arepnenn" {Int+3} for 222
                  | gold pieces
 17897 | Bazaar   | Bought a +0 pair of boots of flying for 161 gold pieces
 17935 | Bazaar   | Bought a potion of haste for 160 gold pieces
 17935 | Bazaar   | Bought a potion of resistance for 160 gold pieces
 17935 | Bazaar   | Bought 2 potions of might for 128 gold pieces
 18321 | D:14     | Reached skill level 10 in Armour
 18338 | D:14     | Found a radiant altar of Vehumet.
 19107 | D:14     | Found a sparkling altar of Nemelex Xobeh.
 19257 | D:15     | Entered Level 15 of the Dungeon
 19323 | D:15     | Reached skill level 14 in Fighting
 19333 | D:15     | Found a staircase to the Depths.
 19496 | D:15     | Found Mashuuch's Assorted Antiques.
 20086 | D:15     | Found a glowing golden altar of the Shining One.
 20362 | Orc:1    | Entered Level 1 of the Orcish Mines
 20362 | Orc:1    | Noticed Nergalle
 20381 | Orc:1    | Killed Nergalle
 20438 | Orc:1    | Found a bloodstained altar of Trog.
 20468 | Orc:2    | Entered Level 2 of the Orcish Mines
 20468 | Orc:2    | Found a staircase to the Elven Halls.
 20468 | Orc:2    | Found Sogiojol's Weapon Boutique.
 20526 | Orc:2    | Reached skill level 15 in Fighting
 20590 | Orc:1    | Found Acixer's Book Boutique.
 20888 | Orc:2    | Found a transporter.
 20889 | Orc:2    | Noticed gyole's ghost (journeyman TrSh)
 20904 | Orc:2    | Found a transporter.
 21038 | Orc:2    | Found Esudghaec's Antique Weapon Boutique.
 21038 | Orc:2    | Found Nenazyri's General Store.
 21091 | Orc:2    | Found Tyoxt's Jewellery Emporium.
 21091 | Orc:2    | Found Uheisas's Book Boutique.
 21848 | Spider:1 | Entered Level 1 of the Spider Nest
 22352 | Spider:1 | Reached XP level 17. HP: 99/99 MP: 28/28
 22936 | Spider:1 | Reached skill level 15 in Invocations
 23746 | Spider:2 | Noticed Yduelo's ghost (journeyman GnHu)
 23770 | Spider:2 | Found a runed translucent door.
 24007 | Spider:2 | Reached skill level 5 in Shields
 24602 | Spider:2 | Killed Yduelo's ghost
 24614 | Spider:2 | Reached XP level 18. HP: 104/104 MP: 30/30
 25764 | Spider:4 | Entered Level 4 of the Spider Nest
 26839 | Spider:3 | Reached skill level 16 in Fighting
 26858 | Spider:3 | Gained mutation: [You are frail. (-10% HP)] [mutagenic
                  | glow]
 28618 | Spider:4 | Reached XP level 19. HP: 91/99 MP: 28/31
 29123 | Spider:4 | Noticed Arachne
 29846 | Spider:4 | Killed Arachne
 30004 | Spider:4 | Got a gossamer rune of Zot
 30271 | Swamp:1  | Entered Level 1 of the Swamp
 30325 | Swamp:1  | Reached skill level 17 in Fighting
 30488 | Swamp:1  | Noticed Donald
 30678 | Swamp:1  | Killed Donald
 31176 | Swamp:1  | HP: 2/92 [six-headed hydra (7)]
 32030 | Swamp:2  | Reached skill level 10 in Dodging
 33213 | Swamp:3  | Reached skill level 18 in Fighting
 33596 | Swamp:4  | Entered Level 4 of the Swamp
 33596 | Swamp:4  | Identified the +7 tower shield "Vana" {rC+}
 33596 | Swamp:4  | Noticed Louise
 33649 | Abyss:3  | Cast into level 3 of the Abyss (Louise)
 33661 | Swamp:3  | Escaped the Abyss
 33681 | Swamp:3  | Killed Louise
 33891 | Swamp:4  | Noticed Nikola
 34141 | Elf:1    | Entered Level 1 of the Elven Halls
 34153 | Elf:1    | Noticed Aizul
 34180 | Orc:2    | Killed Aizul
 34193 | Elf:1    | Reached XP level 20. HP: 108/108 MP: 32/32
 34311 | Elf:1    | Identified the ring "Cawk" {Str+6 SInv}
 34774 | Elf:1    | Found Wuluj Boad's Antique Weapon Shop.
 34776 | Elf:1    | Found Penwopno's Antique Weapon Shoppe.
 34777 | Elf:1    | Found Xucab's Assorted Antiques.
 34777 | Elf:1    | Found Jigh's Armour Shop.
 35841 | Elf:1    | Reached skill level 19 in Fighting
 36127 | Elf:2    | Found Sioleixira's Antique Armour Shop.
 36151 | Elf:2    | Found Uluocs's Book Shop.
 36298 | Elf:2    | Got Axtien's Directory of Tephra and Stolen Souls
 36405 | Elf:2    | Noticed Roxanne
 36492 | Elf:2    | Found Reismei's Assorted Antiques.
 36494 | Elf:2    | Found Vodghoso's Jewellery Shop.
 36497 | Elf:2    | Found Uroaxane's Armour Boutique.
 36584 | Elf:2    | Found Saenen's Jewellery Shop.
 36906 | Elf:2    | Found a runed translucent gate.
 36907 | Elf:2    | Found a runed translucent gate.
 36907 | Elf:2    | Found a runed translucent gate.
 37027 | Elf:2    | Reached skill level 10 in Shields
 37380 | Elf:3    | Entered Level 3 of the Elven Halls
 37511 | Elf:3    | Found a runed translucent gate.
 37511 | Elf:3    | Found a runed translucent gate.
 37511 | Elf:3    | Found a runed translucent gate.
 37512 | Elf:3    | Found an iron altar of Okawaru.
 37512 | Elf:3    | Noticed grizmgrazm2's ghost (adept DECj)
 38029 | D:15     | Bought the +8 demon trident "Rift" {distort, reach+} for
                  | 2197 gold pieces
 38029 | D:15     | Found the +8 demon trident "Rift" {distort, reach+}
 39306 | Elf:3    | Noticed Norris
 39321 | Elf:3    | Killed Norris
 40358 | Elf:3    | Reached XP level 21. HP: 114/114 MP: 28/33
 40948 | Elf:3    | Identified the +4 mace "Naomm" {freeze, rF+}
 41003 | Elf:3    | Identified the +1 mace of Nimeagem {heavy, rPois Int+2}
 41003 | Elf:3    | Identified the amulet "Vupn" {Spirit Int+3}
 41040 | Elf:3    | Reached skill level 20 in Fighting
 41319 | Elf:3    | Identified the +0 robe of Fedhas's Fury {-Tele rCorr
                  | Archmagi}
 41581 | Elf:3    | Identified the staff "Bosmir" {*Slow rPois rN++ Dex+9
                  | Poison}
 41966 | Elf:3    | Killed grizmgrazm2's ghost
 41993 | Elf:3    | Identified the +5 morningstar of Jakeca {heavy, rPois
                  | Dex+4}
 41994 | Elf:3    | Identified the +2 leather armour of Disaster {Rampage rC+
                  | Dex-4}
 42147 | D:11     | Upgraded the game from 0.31-a0-625-gc9c7e45f3f to
                  | 0.31-a0-627-gd65175cf8b
 42243 | Vaults:1 | Entered Level 1 of the Vaults
 43252 | Abyss:3  | Cast into level 3 of the Abyss (a wizard)
 43253 | Abyss:3  | Found a corrupted altar of Lugonu.
 43314 | Abyss:3  | Noticed a bone dragon
 43327 | Abyss:3  | Killed a bone dragon
 43354 | Abyss:3  | Noticed a profane servitor
 43370 | Abyss:3  | Banished a profane servitor
 43472 | Abyss:3  | Found a corrupted altar of Lugonu.
 43483 | Abyss:3  | Paralysed by accursed screaming for 1 turns
 43565 | Abyss:3  | Noticed a bone dragon
 43588 | Abyss:3  | Killed a bone dragon
 43665 | Abyss:3  | Noticed a bone dragon
 43668 | Abyss:3  | Banished a bone dragon
 43717 | Abyss:3  | Reached XP level 22. HP: 106/119 MP: 32/36
 43896 | Abyss:3  | Killed from afar by a hell hog

Illustrated notes

Levels and vault maps discovered:
D:1:      spicycebolla_arrival_xxxplode, layout_basic
D:2:      layout_loops_ring, shapermc_ecumenical_altar_ellora, minivault_14,
          nicolae_figureground_sparkle, uniq_terence
D:3:      layout_rooms, minmay_overflow_temple_star_quad
D:4:      layout_basic, serial_shops, nicolae_shop_tiny_real_fake_doors
D:5:      layout_basic, old_standard_altar, lightli_temple_of_fire,
          mainiacjoe_overflow_surrounded_room, general_overflow_altar
D:6:      layout_basic, lemuel_coloured_pillars_altar, st_stairs_10,
          minmay_circle_x
D:7:      layout_cave_pods, okawaru_altar_gauntlet_db,
          minmay_temple_entry_enclosed_plants, hellmonk_guarded_unrand_zhor,
          uniq_jeremiah
D:8:      layout_basic, nicolae_overflow_crystal_walls, glass_columns_a
D:9:      cheibrodos_shockbox, layout_basic, uniq_gastronok, uniq_erica
D:10:     layout_cave_pools, kennysheep_orc_sif_temple,
          nicolae_ashenzari_panopticon, amcnicky_altar_gilded,
          jmf_multi_god_temple2, nicolae_trove_entry_crossroad
D:11:     minmay_smoke_and_mirrors, layout_loops_cross, david_orc_4,
          serial_rivers, chequers_serial_rivers_small_a,
          chequers_serial_rivers_micro_d, chequers_serial_rivers_small_b,
          chequers_serial_rivers_micro_c, chequers_serial_rivers_micro_d,
          minmay_diced_spiral, uniq_psyche
D:12:     layout_cross, zin_statuary
D:13:     layout_irregular_city, david_vaults_3, serial_shops, statue_bzr,
          minmay_the_grid_2x2 [minmay_the_grid_tree, minmay_the_grid_tiny_cups,
          minmay_the_grid_embedded,
          minmay_the_grid_prize_four_corners_diamond_b], uniq_josephine
D:14:     lemuel_ice_spiral_2, layout_rooms, serial_co_window_serial,
          co_window_corner_a, co_window_paths_a, co_window_of_opportunity_a,
          co_window_paths_a, co_window_paths_b, co_window_broadway_b,
          co_window_corner_cb, co_window_corner_b, co_window_of_opportunity_b,
          co_window_corner_b, co_window_unsneaky_path_c, co_window_corner_b,
          co_window_4corner_b, glass_columns_a, glass_columns_a,
          fiery_altar_vehumet, nemelex_lonely_heart_becter
D:15:     hangedman_depths_entry_civil_slaughter, layout_irregular_city,
          serial_shops, nicolae_shop_window_shopping, kennysheep_doodads,
          grunt_ministairs_5, chequers_serial_rivers_marsh, minmay_hedge_maze,
          nicolae_tso_carved_into_rock
Temple:   nicolae_temple_bog_church
Lair:1:   layout_chaotic_city, nzn_sisyphean_effort, serial_bayou_shore_a,
          uniq_sonja, uniq_fannar
Lair:2:   layout_hall_layers, nicolae_spider_entry_lesser_pyramids,
          beast_lair_carwin_2
Lair:3:   layout_roguey, nicolae_swamp_entry_spooky, beast_lair_carwin_3
Lair:4:   layout_loops_ring, nicolae_slime_entry_slimehenge,
          nicolae_quartered_pool_little, patterned_corridor, uniq_kirke
Lair:5:   hellmonk_lair_end_abyssal_woods, layout_loops_ring,
          gammafunk_lair_bear_cave, infiniplex_staircase_pool_2,
          grunt_megastairs_3, lemuel_fruit_tree, uniq_urug
Swamp:1:  layout_basic_swamp, nicolae_swamp_tree_designs, uniq_donald
Swamp:2:  layout_basic_swamp, infiniplex_staircase_pool, swamp_pool3
Swamp:3:  cheibrodos_swamp_heart_of_darkness, layout_basic_swamp,
          evilmike_swamp_ruin_house_1, swamp_pool4, nicolae_swamp_snake_nest
Swamp:4:  nzn_swamp_witches_coven, layout_basic_swamp, swamp_pool1, uniq_nikola,
          uniq_louise
Spider:1: layout_cave_pods, drop_trap, hangedman_spider_tarantella_strand
Spider:2: layout_spider_delve, hellmonk_ghost_happy_afterlife,
          nicolae_spider_cling_halls
Spider:3: layout_chambers
Spider:4: hellmonk_spider_rune_endless_swarm, nicolae_spider_webs_and_nodes,
          nicolae_spider_baby_got_redback, uniq_arachne
Orc:1:    layout_caves, serial_shops, nicolae_shop_peninsula,
          david_defended_altar_orc, uniq_nergalle
Orc:2:    st_orc_ogre_mass, layout_caves, gammafunk_ghost_berserking_beasts,
          serial_shops, nicolae_shop_bloodbath_and_beyond
Elf:1:    eino_elf_arrival_sip, layout_loops_cross,
          kennysheep_underground_church, nicolae_wooded_promenade, minivault_16,
          nicolae_elf_stone_circles, nicolae_elf_deep_mausoleum, uniq_aizul
Elf:2:    nicolae_elf_blades_crystal_corner, layout_loops_corners, serial_shops,
          nicolae_shop_gaudy_bauble, shop, shop, minmay_shop_star, uniq_roxanne
Elf:3:    elf_hall, layout_geoelf_diagonals, gammafunk_ghost_fury_of_okawaru,
          uniq_norris
Vaults:1: hangedman_vaults_stagger, nicolae_vaults_sightless_eye, v_misc_22,
          ontoclasm_vaults_gateway, vaults_room_fancy_cross,
          nicolae_vaults_stepped_doors, nicolae_vaults_double_plus_1,
          nicolae_vaults_big_angled_halls, nicolae_vaults_wrenched,
          vaults_dpeg_encased_lava, v_misc_9,
          nicolae_vaults_offset_grid_hallway_4, v_misc_3,
          layout_vaults_maze_snakey
Vaults:2: dpeg_vaults_monster_row, nicolae_vaults_door_testing_chamber,
          minmay_crypt_entry_necro_gods, nicolae_vaults_variable_pillar_hall,
          vaults_room_hallway, hangedman_vaults_maws, nicolae_vaults_theta,
          v_misc_32, nicolae_vaults_bisected_slash, v_misc_4,
          nicolae_vaults_network_star, vaults_room_octagon, vaults_dpeg_hooks,
          v_alt_pattern_1, nicolae_vaults_trapezoid_3, layout_vaults_omnibox,
          serial_shops, shop
Abyss:3:  base: D:9, evilmike_abyss_exit_6, serial_sigils_hangedman_snap,
          grunt_abyss_rune_forest_and_sorcery, serial_sigils_hangedman_snap,
          evilmike_abyss_exit_12, base: Spider:3, base: Lair:3, base: Swamp:2,
          bh_silent_lugonu_exit, minivault_19, spicy_pingpong_abyss_rune,
          hangedman_abyss_or_decor_slice

Skill      XL: |  1  2  3  4  5  6  7  8  9 10 11 12 13 14 15 16 17 18 19 20 21 |
---------------+----------------------------------------------------------------+-----
Fighting       | 3 4 6 9 10 12 13 15 16 18 19 20 | 20.0
Unarmed Combat | 1 |  1.2
Invocations    | 1 2 3 4 5 7 11 12 14 15 18 | 18.0
Polearms       | 1 2 3 5 8 11 13 14 | 14.0
Throwing       | 1 |  1.0
Armour         | 5 8 9 10 | 10.4
Shields        | 3 4 7 11 12 | 12.3
Spellcasting   | 4 |  4.0
Dodging        | 4 5 6 8 10 | 10.4
Evocations     | 5 |  5.0
Short Blades   | |  1.7
Stealth        | |  6.0

Action                     |  1- 3 |  4- 6 |  7- 9 | 10-12 | 13-15 | 16-18 | 19-21 | 22-24 || total
---------------------------+-------+-------+-------+-------+-------+-------+-------+-------++-------
  Melee: Short sword       |    71 |     5 |       |       |       |       |       |       ||    76
         Bite              |    16 |     8 |    39 |   130 |   575 |   589 |   706 |    19 ||  2082
         Spear             |       |    28 |   203 |   576 |  1455 |  1508 |  1380 |       ||  5150
         Punch             |       |       |     4 |     7 |       |       |       |       ||    11
         Demon trident     |       |       |       |       |       |       |   691 |    72 ||   763
  Throw: Javelin           |       |       |     1 |     1 |       |    27 |    43 |       ||    72
         Dart              |       |       |       |       |     2 |       |     1 |       ||     3
 Invoke: Lesser Servant of |       |       |       |       |     2 |     5 |    12 |       ||    19
  Evoke: Wand              |       |     2 |       |     1 |     1 |    18 |    22 |       ||    44
    Use: Potion            |     2 |       |       |       |     2 |     2 |     8 |     2 ||    16
         Scroll            |       |     1 |     7 |     5 |    12 |     7 |     9 |       ||    41
   Stab: Sleeping          |     1 |     2 |       |    18 |    19 |    17 |    19 |       ||    76
         Distracted        |       |       |       |     1 |     3 |     4 |    13 |       ||    21
         Paralysed         |       |       |       |       |     2 |     9 |       |       ||    11
         Petrifying        |       |       |       |       |     1 |       |       |       ||     1
         Invisible         |       |       |       |       |       |     1 |     5 |       ||     6
 Armour: Leather armour    |     9 |     1 |       |       |       |       |       |       ||    10
         Ring mail         |       |     3 |       |       |       |       |       |       ||     3
         Plate armour      |       |       |    42 |     1 |       |       |    10 |       ||    53
         Animal skin       |       |       |       |    44 |   204 |   273 |   152 |       ||   673
         Storm dragon scal |       |       |       |       |       |       |    69 |    14 ||    83
  Dodge: Dodged            |    41 |     6 |    29 |    75 |   378 |   480 |   370 |     6 ||  1385
         Repelled          |       |       |       |       |     5 |     2 |       |       ||     7
  Block: Buckler           |       |       |       |     2 |   300 |   349 |   139 |       ||   790
         Reflection        |       |       |       |       |    26 |    24 |    18 |       ||    68
         Tower shield      |       |       |       |       |       |       |   683 |    32 ||   715

Table legend: (Time is in decaauts)
 A = Elapsed time spent in this place.
 B = Non-inter-level travel time spent in this place.
 C = Inter-level travel time spent in this place.
 D = Time resting spent in this place.
 E = Time spent auto-exploring this place.
 F = Levels seen in this place.
 G = Mean time per level.
                   A        B        C        D        E       F      G
               +--------+--------+--------+--------+--------+-----+--------+
         Total |  41699 |  38551 |   3148 |   8739 |  18594 |  40 | 1042.5 |
       Dungeon |  14879 |  13170 |   1709 |   1403 |   8259 |  15 |  991.9 |
        Temple |     45 |      3 |     42 |      0 |      0 |   1 |   45.0 |
          Lair |   5112 |   4747 |    365 |    414 |   2834 |   5 | 1022.4 |
         Swamp |   3480 |   3300 |    180 |    918 |   1479 |   4 |  870.0 |
   Spider Nest |   7839 |   7637 |    202 |   3206 |   2124 |   4 | 1959.8 |
  Orcish Mines |   1335 |   1104 |    231 |      2 |    731 |   2 |  667.5 |
   Elven Halls |   7083 |   6683 |    400 |   2656 |   2433 |   3 | 2361.0 |
        Vaults |    949 |    933 |     16 |     20 |    647 |   2 |  474.5 |
         Abyss |    732 |    732 |      0 |    118 |      8 |   3 |  244.0 |
        Bazaar |    242 |    242 |      0 |      0 |     78 |   1 |  242.0 |
               +--------+--------+--------+--------+--------+-----+--------+

Top non-repeatable levels by time:
   Elf:3: 3288 daAuts
Spider:4: 3238 daAuts
    D:11: 2175 daAuts
   Elf:1: 2045 daAuts
Spider:3: 2004 daAuts
   Elf:2: 1750 daAuts
     D:7: 1518 daAuts
 Swamp:1: 1492 daAuts
Spider:1: 1346 daAuts
Spider:2: 1249 daAuts
  Lair:3: 1240 daAuts
    D:13: 1172 daAuts
    D:14: 1136 daAuts
  Lair:1: 1135 daAuts
 Swamp:3: 1124 daAuts
